General information
- name: BNet
- type: Ladder team game (AT/RT)
- host: Battle.net
- saver: LUKESKYWALKER.
map: HurricaneIsle
- players: 8
- length: 75:16
- speed: Fast
- version: 1.26 W3XP
- replay type: Public
» download(436 KB)
Players
team 1 (winner)

»
NoobRT (
blue | 23 APM | 1722 actions | 74:46)
9 Archmage
3 Summon Water Elemental
3 Brilliance Aura
1 Mass Teleport
2 Blizzard
1 Mountain King
1 Thunder Clap
» actions
| Assign group hotkey | 72 | |
| Basic commands | 73 | |
| Build / train | 87 | |
| Enter build submenu | 23 | |
| Enter hero's abilities submenu | 10 | |
| Give item / drop item | 3 | |
| Remove unit from queue | 1 | |
| Right click | 378 | |
| Select / deselect | 518 | |
| Select group hotkey | 404 | |
| Use ability | 152 | |
1722 total
» units
| Peasant | 14 | |
| Footman | 3 | |
| Goblin Shredder | 1 | |
| Goblin Zeppelin | 9 | |
| Siege Engine | 24 | |
| Gryphon Rider | 2 | |
53 total
» upgrades
| Defend | 1 | |
| Masonry | 2 | |
| Gunpowder | 3 | |
| Plating | 3 | |
| Barrage | 1 | |
10 total
» buildings
| Altar of Kings | 1 | |
| Farm | 12 | |
| Barracks | 1 | |
| Arcane Vault | 2 | |
| Blacksmith | 1 | |
| Keep | 2 | |
| Lumber Mill | 1 | |
| Town Hall | 6 | |
| Castle | 2 | |
| Workshop | 7 | |
| Scout Tower | 9 | |
| Guard Tower | 3 | |
47 total
» build order
00:25 Altar of Kings
00:39 Farm
00:43 Farm
00:54 Barracks
01:51 Arcane Vault
01:58 Arcane Vault
03:01 Blacksmith
03:33 Keep
03:36 Lumber Mill
05:34 Town Hall
05:50 Farm
05:50 Farm
05:51 Farm
05:52 Farm
05:54 Farm
05:55 Farm
05:56 Farm
06:55 Farm
07:37 Castle
07:47 Farm
07:47 Farm
08:25 Workshop
08:26 Workshop
08:27 Workshop
16:39 Town Hall
16:47 Scout Tower
16:49 Scout Tower
16:49 Scout Tower
16:50 Scout Tower
17:34 Guard Tower
21:32 Guard Tower
22:05 Town Hall
22:14 Town Hall
22:25 Town Hall
23:05 Keep
25:46 Castle
25:54 Workshop
25:54 Workshop
25:56 Workshop
25:57 Workshop
29:12 Town Hall
29:15 Scout Tower
29:16 Scout Tower
29:17 Scout Tower
29:18 Scout Tower
29:19 Scout Tower
30:35 Guard Tower
» items
| Scroll of Regeneration | 1 | |
| Pendant of Energy | 1 | |
| Scroll of Town Portal | 3 | |
| Staff of Sanctuary | 1 | |
6 total
IndianGiving (
red | 68 APM | 3848 actions | 56:10)
7 Archmage
3 Summon Water Elemental
3 Brilliance Aura
1 Mass Teleport
7 Mountain King
3 Storm Bolt
3 Bash
1 Avatar
» actions
| Assign group hotkey | 58 | |
| Basic commands | 72 | |
| Build / train | 189 | |
| ESC pressed | 4 | |
| Enter build submenu | 81 | |
| Enter hero's abilities submenu | 14 | |
| Give item / drop item | 18 | |
| Remove unit from queue | 1 | |
| Right click | 1382 | |
| Select / deselect | 755 | |
| Select group hotkey | 1016 | |
| Use ability | 256 | |
3848 total
» units
| Peasant | 30 | |
| Footman | 10 | |
| Goblin Shredder | 1 | |
| Gryphon Rider | 2 | |
| Goblin Zeppelin | 4 | |
| Dragonhawk Rider | 20 | |
67 total
» upgrades
| Masonry | 3 | |
| Swords | 3 | |
| Animal War Training | 1 | |
| Storm Hammers | 1 | |
| Cloud | 1 | |
| Armor | 3 | |
| Lumber Harvesting | 2 | |
| Backpack | 1 | |
| Gunpowder | 3 | |
| Plating | 3 | |
| Magic Sentry | 1 | |
| Sorceress Training | 2 | |
| Priest Training | 2 | |
| Control Magic | 1 | |
| Long Rifles | 1 | |
| Defend | 1 | |
29 total
» buildings
| Altar of Kings | 2 | |
| Barracks | 1 | |
| Farm | 11 | |
| Arcane Vault | 2 | |
| Keep | 1 | |
| Lumber Mill | 1 | |
| Town Hall | 6 | |
| Scout Tower | 50 | |
| Guard Tower | 34 | |
| Castle | 1 | |
| Gryphon Aviary | 5 | |
| Blacksmith | 1 | |
| Arcane Sanctum | 1 | |
116 total
» build order
00:03 Altar of Kings
00:10 Altar of Kings
00:46 Barracks
00:49 Farm
01:27 Farm
01:42 Arcane Vault
02:09 Farm
03:21 Farm
04:34 Keep
05:06 Lumber Mill
05:47 Town Hall
05:52 Scout Tower
05:54 Scout Tower
05:56 Scout Tower
05:58 Scout Tower
05:59 Scout Tower
06:24 Guard Tower
06:25 Guard Tower
06:30 Guard Tower
06:30 Guard Tower
06:39 Guard Tower
08:06 Castle
08:30 Gryphon Aviary
08:35 Gryphon Aviary
08:41 Blacksmith
10:13 Gryphon Aviary
10:40 Scout Tower
10:45 Scout Tower
10:55 Scout Tower
10:59 Scout Tower
11:20 Guard Tower
11:23 Guard Tower
11:27 Guard Tower
12:08 Farm
12:10 Farm
12:31 Scout Tower
12:34 Scout Tower
12:40 Scout Tower
13:00 Guard Tower
13:05 Guard Tower
13:09 Guard Tower
15:29 Scout Tower
15:31 Scout Tower
15:55 Town Hall
15:59 Guard Tower
16:01 Scout Tower
16:08 Scout Tower
16:10 Scout Tower
16:12 Scout Tower
16:12 Guard Tower
16:48 Guard Tower
17:06 Farm
17:24 Farm
17:39 Guard Tower
18:01 Gryphon Aviary
18:06 Gryphon Aviary
18:09 Farm
22:31 Scout Tower
22:32 Scout Tower
23:00 Town Hall
23:03 Scout Tower
23:04 Guard Tower
23:06 Guard Tower
23:21 Farm
23:34 Guard Tower
23:35 Scout Tower
23:39 Scout Tower
24:02 Guard Tower
24:25 Farm
24:31 Guard Tower
24:32 Scout Tower
26:08 Guard Tower
26:16 Scout Tower
26:21 Scout Tower
26:55 Scout Tower
26:56 Scout Tower
26:57 Scout Tower
27:31 Guard Tower
27:33 Scout Tower
27:34 Scout Tower
27:34 Scout Tower
28:07 Guard Tower
28:10 Town Hall
28:13 Scout Tower
28:14 Scout Tower
28:45 Guard Tower
29:47 Guard Tower
31:27 Scout Tower
32:51 Guard Tower
36:39 Town Hall
36:41 Scout Tower
36:42 Scout Tower
36:44 Scout Tower
36:46 Scout Tower
37:43 Town Hall
37:59 Scout Tower
38:01 Scout Tower
38:03 Scout Tower
38:06 Scout Tower
38:08 Scout Tower
38:10 Scout Tower
38:12 Scout Tower
38:35 Guard Tower
38:40 Guard Tower
38:59 Guard Tower
41:59 Arcane Sanctum
45:31 Arcane Vault
49:52 Scout Tower
49:53 Scout Tower
49:54 Scout Tower
49:55 Scout Tower
50:29 Guard Tower
50:36 Guard Tower
50:45 Guard Tower
51:19 Guard Tower
54:00 Guard Tower
» items
| Scroll of Regeneration | 17 | |
| Scroll of Healing | 2 | |
| Gauntlets of Ogre Strength +3 | 2 | |
| Pendant of Energy | 1 | |
| Gloves of Haste | 1 | |
| Scroll of Town Portal | 1 | |
| Potion of Lesser Invulnerability | 1 | |
| Periapt of Vitality | 1 | |
| Potion of Healing | 1 | |
| Claws of Attack +9 | 1 | |
| Helm of Valor | 1 | |
| Ring of Regeneration | 1 | |
| Mechanical Critter | 2 | |
| Ivory Tower | 4 | |
| Lesser Clarity Potion | 1 | |
37 total
LUKESKYWALKER. (
pink | 68 APM | 5054 actions | 74:46)
10 Blademaster
3 Wind Walk
3 Critical Strike
1 Bladestorm
3 Mirror Image
» actions
| Assign group hotkey | 78 | |
| Basic commands | 255 | |
| Build / train | 107 | |
| Enter build submenu | 26 | |
| Enter hero's abilities submenu | 10 | |
| Give item / drop item | 7 | |
| Remove unit from queue | 1 | |
| Right click | 2018 | |
| Select / deselect | 721 | |
| Select group hotkey | 1390 | |
| Use ability | 441 | |
5054 total
» units
| Peon | 16 | |
| Grunt | 3 | |
| Goblin Shredder | 1 | |
| Goblin Zeppelin | 6 | |
| Wind Rider | 14 | |
| Troll Batrider | 21 | |
61 total
» upgrades
| Ranged Weapons | 3 | |
| Armor | 3 | |
| Reinforced Defenses | 1 | |
| Envenomed Spears | 1 | |
| Liquid Fire | 1 | |
9 total
» buildings
| Altar of Storms | 1 | |
| Orc Burrow | 8 | |
| Barracks | 1 | |
| Voodoo Lounge | 1 | |
| Stronghold | 1 | |
| War Mill | 1 | |
| Great Hall | 3 | |
| Watch Tower | 38 | |
| Beastiary | 5 | |
| Fortress | 1 | |
60 total
» build order
00:10 Altar of Storms
00:18 Orc Burrow
00:37 Barracks
01:26 Orc Burrow
02:00 Voodoo Lounge
03:07 Stronghold
03:29 Orc Burrow
03:56 War Mill
04:10 Orc Burrow
05:30 Great Hall
06:06 Watch Tower
06:06 Watch Tower
06:07 Watch Tower
06:08 Watch Tower
06:10 Watch Tower
06:45 Watch Tower
06:46 Watch Tower
06:47 Watch Tower
06:47 Watch Tower
08:16 Beastiary
08:28 Beastiary
08:30 Beastiary
09:11 Fortress
09:37 Orc Burrow
10:15 Orc Burrow
18:44 Watch Tower
18:44 Watch Tower
18:45 Watch Tower
18:46 Watch Tower
18:46 Watch Tower
26:53 Great Hall
26:56 Watch Tower
26:56 Watch Tower
26:57 Watch Tower
26:58 Watch Tower
26:58 Watch Tower
26:59 Watch Tower
27:02 Watch Tower
28:03 Beastiary
28:04 Beastiary
28:06 Orc Burrow
28:07 Orc Burrow
31:13 Watch Tower
31:14 Watch Tower
31:14 Watch Tower
31:15 Watch Tower
31:16 Watch Tower
31:16 Watch Tower
31:16 Watch Tower
31:17 Watch Tower
31:18 Watch Tower
31:18 Watch Tower
38:10 Great Hall
38:13 Watch Tower
38:13 Watch Tower
38:14 Watch Tower
38:14 Watch Tower
49:49 Watch Tower
49:51 Watch Tower
» items
| Healing Salve | 5 | |
| Orb of Lightning | 1 | |
| Potion of Healing | 1 | |
| Scroll of Town Portal | 8 | |
| Scroll of Regeneration | 2 | |
| Tiny Great Hall | 1 | |
| Staff of Teleportation | 1 | |
| Potion of Lesser Invulnerability | 1 | |
20 total

»
13ig13itch (
purple | 25 APM | 1883 actions | 74:46)
6 Demon Hunter
3 Immolation
1 Mana Burn
1 Evasion
1 Metamorphosis
» actions
| Basic commands | 1 | |
| Build / train | 73 | |
| Enter build submenu | 35 | |
| Enter hero's abilities submenu | 6 | |
| Remove unit from queue | 8 | |
| Right click | 1262 | |
| Select / deselect | 437 | |
| Use ability | 61 | |
1883 total
» units
| Wisp | 13 | |
| Goblin Shredder | 1 | |
| Hippogryph | 22 | |
| Goblin Sapper | 1 | |
| Chimaera | 16 | |
| Goblin Zeppelin | 1 | |
54 total
» upgrades
» buildings
| Tree of Ages | 2 | |
| Altar of Elders | 3 | |
| Moon Well | 13 | |
| Hunter's Hall | 2 | |
| Ancient of Wind | 2 | |
| Tree of Eternity | 2 | |
| Chimaera Roost | 7 | |
| Tree of Life | 2 | |
| Ancient Protector | 2 | |
35 total
» build order
01:06 Tree of Ages
01:23 Altar of Elders
01:30 Moon Well
01:33 Moon Well
01:46 Moon Well
02:44 Hunter's Hall
03:51 Ancient of Wind
04:29 Tree of Eternity
06:20 Moon Well
06:22 Moon Well
06:36 Moon Well
07:27 Chimaera Roost
07:30 Chimaera Roost
07:39 Chimaera Roost
10:25 Tree of Life
10:31 Altar of Elders
19:41 Tree of Life
21:45 Altar of Elders
21:47 Moon Well
21:50 Moon Well
21:53 Moon Well
23:20 Tree of Ages
23:30 Moon Well
23:54 Moon Well
24:06 Moon Well
25:26 Moon Well
25:41 Tree of Eternity
25:45 Ancient of Wind
25:56 Hunter's Hall
28:07 Chimaera Roost
28:11 Chimaera Roost
28:22 Ancient Protector
28:32 Ancient Protector
40:53 Chimaera Roost
40:57 Chimaera Roost
team 2 (loser)

»
stopwhinning (
teal | 35 APM | 2131 actions | 60:37)
7 Death Knight
3 Death Coil
3 Unholy Aura
1 Animate Dead
8 Lich
3 Frost Nova
1 Frost Armor
3 Dark Ritual
1 Death and Decay
6 Dark Ranger
3 Silence
2 Life Drain
1 Charm
» actions
| Assign group hotkey | 4 | |
| Basic commands | 65 | |
| Build / train | 104 | |
| ESC pressed | 1 | |
| Enter build submenu | 44 | |
| Enter hero's abilities submenu | 22 | |
| Give item / drop item | 18 | |
| Remove unit from queue | 4 | |
| Right click | 1065 | |
| Select / deselect | 660 | |
| Select group hotkey | 12 | |
| Use ability | 131 | |
2131 total
» units
| Acolyte | 17 | |
| Ghoul | 4 | |
| Goblin Shredder | 1 | |
| Gargoyle | 12 | |
| Goblin Zeppelin | 5 | |
| Frost Wyrm | 7 | |
| Crypt Fiend | 6 | |
| Peasant | 2 | |
54 total
» upgrades
| Creature Attack | 3 | |
| Creature Carapace | 3 | |
| Stone Form | 1 | |
| Burrow | 1 | |
| Web | 1 | |
9 total
» buildings
| Crypt | 4 | |
| Ziggurat | 12 | |
| Altar of Darkness | 1 | |
| Graveyard | 2 | |
| Halls of the Dead | 2 | |
| Tomb of Relics | 2 | |
| Black Citadel | 1 | |
| Necropolis | 3 | |
| Sacrificial Pit | 1 | |
| Boneyard | 3 | |
| Spirit Tower | 1 | |
| Town Hall | 1 | |
| Altar of Kings | 1 | |
34 total
» build order
00:16 Crypt
00:21 Ziggurat
00:50 Altar of Darkness
01:18 Graveyard
01:42 Ziggurat
02:49 Halls of the Dead
03:13 Ziggurat
03:17 Ziggurat
03:22 Tomb of Relics
05:36 Crypt
06:25 Black Citadel
07:12 Necropolis
08:52 Sacrificial Pit
09:56 Boneyard
09:58 Boneyard
10:00 Boneyard
11:21 Ziggurat
11:24 Ziggurat
12:57 Ziggurat
14:12 Necropolis
20:23 Spirit Tower
25:44 Ziggurat
35:48 Ziggurat
35:50 Ziggurat
35:53 Necropolis
35:55 Ziggurat
36:00 Ziggurat
45:54 Halls of the Dead
46:03 Crypt
46:05 Crypt
46:26 Tomb of Relics
48:45 Graveyard
56:49 Town Hall
58:02 Altar of Kings
» items
| Potion of Healing | 1 | |
| Orb of Lightning | 1 | |
| Scroll of Town Portal | 6 | |
| Scroll of Protection | 1 | |
9 total
BiGMoM23 (
green | 27 APM | 995 actions | 36:21)
5 Demon Hunter
2 Immolation
3 Evasion
» actions
| Basic commands | 31 | |
| Build / train | 62 | |
| Enter build submenu | 17 | |
| Enter hero's abilities submenu | 5 | |
| Right click | 527 | |
| Select / deselect | 314 | |
| Use ability | 39 | |
995 total
» units
| Wisp | 20 | |
| Archer | 10 | |
| Hippogryph | 14 | |
| Goblin Zeppelin | 3 | |
47 total
» upgrades
| Strength of the Wild | 2 | |
| Hippogryph Taming | 1 | |
| Reinforced Hides | 1 | |
4 total
» buildings
| Altar of Elders | 1 | |
| Ancient of War | 1 | |
| Moon Well | 7 | |
| Tree of Ages | 4 | |
| Hunter's Hall | 1 | |
| Ancient of Wonders | 1 | |
| Tree of Life | 1 | |
| Ancient of Wind | 4 | |
| Tree of Eternity | 1 | |
21 total
» build order
00:08 Altar of Elders
00:11 Ancient of War
00:13 Moon Well
02:08 Moon Well
02:50 Moon Well
03:47 Tree of Ages
03:47 Tree of Ages
03:47 Tree of Ages
03:48 Tree of Ages
04:46 Hunter's Hall
05:38 Moon Well
05:44 Ancient of Wonders
06:24 Tree of Life
06:35 Ancient of Wind
06:41 Ancient of Wind
06:45 Ancient of Wind
06:51 Ancient of Wind
08:26 Tree of Eternity
08:59 Moon Well
10:05 Moon Well
11:05 Moon Well
AnotherBaby (
orange | 60 APM | 4466 actions | 74:46)
8 Far Seer
3 Feral Spirit
3 Chain Lighting
1 Earth Quake
1 Far Sight
» actions
| Assign group hotkey | 112 | |
| Basic commands | 142 | |
| Build / train | 118 | |
| Enter build submenu | 73 | |
| Enter hero's abilities submenu | 8 | |
| Give item / drop item | 11 | |
| Remove unit from queue | 2 | |
| Right click | 1834 | |
| Select / deselect | 837 | |
| Select group hotkey | 1023 | |
| Use ability | 306 | |
4466 total
» units
| Peon | 25 | |
| Grunt | 3 | |
| Goblin Shredder | 1 | |
| Troll Batrider | 27 | |
| Goblin Zeppelin | 7 | |
| Raider | 7 | |
| Wind Rider | 6 | |
76 total
» upgrades
| Liquid Fire | 1 | |
| Ranged Weapons | 3 | |
| Troll Regeneration | 1 | |
| Armor | 3 | |
| Reinforced Defenses | 1 | |
| Ensnare | 1 | |
| Melee Weapons | 3 | |
| Pillage | 1 | |
| Envenomed Spears | 1 | |
15 total
» buildings
| Orc Burrow | 7 | |
| Altar of Storms | 1 | |
| Barracks | 1 | |
| Stronghold | 1 | |
| War Mill | 2 | |
| Fortress | 1 | |
| Voodoo Lounge | 1 | |
| Beastiary | 6 | |
| Great Hall | 7 | |
| Watch Tower | 63 | |
90 total
» build order
00:43 Orc Burrow
01:14 Orc Burrow
01:18 Orc Burrow
02:02 Altar of Storms
02:04 Barracks
02:26 Stronghold
02:35 War Mill
03:39 Orc Burrow
04:52 Fortress
05:00 Voodoo Lounge
05:04 Beastiary
05:05 Beastiary
05:19 Beastiary
05:52 Beastiary
07:27 Great Hall
08:16 Orc Burrow
08:22 Orc Burrow
11:04 Orc Burrow
11:10 War Mill
13:33 Beastiary
13:33 Beastiary
16:26 Great Hall
16:28 Watch Tower
16:28 Watch Tower
16:28 Watch Tower
16:29 Watch Tower
16:31 Watch Tower
16:32 Watch Tower
22:27 Watch Tower
22:27 Watch Tower
22:28 Watch Tower
22:29 Watch Tower
22:29 Watch Tower
22:35 Watch Tower
22:37 Watch Tower
22:39 Watch Tower
22:41 Watch Tower
22:43 Watch Tower
25:31 Watch Tower
25:31 Watch Tower
25:31 Watch Tower
25:32 Watch Tower
25:33 Watch Tower
25:33 Watch Tower
25:33 Watch Tower
25:34 Watch Tower
25:34 Watch Tower
25:35 Watch Tower
27:39 Great Hall
27:41 Watch Tower
27:41 Watch Tower
27:42 Watch Tower
27:42 Watch Tower
27:44 Watch Tower
27:44 Watch Tower
27:59 Watch Tower
28:02 Watch Tower
30:02 Great Hall
30:03 Watch Tower
30:05 Watch Tower
30:06 Watch Tower
30:06 Watch Tower
30:07 Watch Tower
30:09 Watch Tower
30:09 Watch Tower
30:09 Watch Tower
34:41 Great Hall
35:38 Watch Tower
35:38 Watch Tower
35:39 Watch Tower
35:40 Watch Tower
35:44 Watch Tower
35:44 Watch Tower
35:44 Watch Tower
35:45 Watch Tower
35:45 Watch Tower
35:47 Watch Tower
35:48 Watch Tower
35:48 Watch Tower
35:48 Watch Tower
37:59 Great Hall
38:01 Watch Tower
38:01 Watch Tower
38:01 Watch Tower
38:03 Watch Tower
38:03 Watch Tower
59:45 Great Hall
» items
| Scroll of Town Portal | 3 | |
| Tiny Great Hall | 1 | |
| Healing Salve | 1 | |
| Potion of Healing | 3 | |
| Wand of the Wind | 1 | |
| Cloak of Flames | 1 | |
| Medallion of Courage | 1 | |
| Staff of Teleportation | 1 | |
| Ancient Janggo of Endurance | 1 | |
| Ankh of Reincarnation | 1 | |
14 total
COKEHEAD (
yellow | 55 APM | 4141 actions | 74:46)
10 Tauren Chieftain
3 Endurance Aura
3 Shockwave
1 Reincarnation
3 War Stomp
1 Dark Ranger
1 Black Arrow
» actions
| Assign group hotkey | 106 | |
| Basic commands | 147 | |
| Build / train | 166 | |
| ESC pressed | 41 | |
| Enter build submenu | 52 | |
| Enter hero's abilities submenu | 11 | |
| Give item / drop item | 3 | |
| Remove unit from queue | 1 | |
| Right click | 1215 | |
| Select / deselect | 705 | |
| Select group hotkey | 1218 | |
| Use ability | 476 | |
4141 total
» units
| Peon | 32 | |
| Raider | 24 | |
| Goblin Zeppelin | 9 | |
| Troll Batrider | 47 | |
112 total
» upgrades
| Melee Weapons | 3 | |
| Armor | 3 | |
| Pillage | 1 | |
| Ensnare | 1 | |
| Liquid Fire | 1 | |
| Reinforced Defenses | 1 | |
| Ranged Weapons | 3 | |
| Spiked Barricades | 2 | |
| Backpack | 1 | |
16 total
» buildings
| Altar of Storms | 1 | |
| Orc Burrow | 11 | |
| War Mill | 1 | |
| Stronghold | 3 | |
| Voodoo Lounge | 6 | |
| Beastiary | 12 | |
| Watch Tower | 13 | |
| Fortress | 2 | |
| Great Hall | 5 | |
54 total
» build order
00:10 Altar of Storms
00:24 Orc Burrow
00:34 War Mill
02:51 Stronghold
02:58 Orc Burrow
03:33 Orc Burrow
04:14 Voodoo Lounge
04:51 Orc Burrow
05:13 Beastiary
05:18 Beastiary
05:21 Beastiary
08:17 Watch Tower
08:23 Watch Tower
08:35 Fortress
10:27 Watch Tower
11:20 Orc Burrow
18:25 Orc Burrow
20:16 Great Hall
21:35 Orc Burrow
23:02 Beastiary
25:12 Great Hall
29:04 Voodoo Lounge
29:53 Watch Tower
29:57 Watch Tower
31:34 Stronghold
36:20 Beastiary
36:21 Beastiary
36:24 Beastiary
36:26 Beastiary
38:29 Great Hall
40:17 Voodoo Lounge
40:29 Voodoo Lounge
40:46 Beastiary
40:48 Watch Tower
40:59 Beastiary
41:39 Watch Tower
41:52 Orc Burrow
42:07 Watch Tower
43:09 Orc Burrow
43:14 Watch Tower
44:18 Watch Tower
44:59 Stronghold
45:30 Orc Burrow
46:12 Voodoo Lounge
46:15 Watch Tower
46:29 Great Hall
47:36 Fortress
47:42 Watch Tower
59:02 Beastiary
59:40 Beastiary
61:23 Orc Burrow
61:27 Voodoo Lounge
62:20 Watch Tower
63:55 Great Hall
» items
| Scroll of Speed | 1 | |
| Potion of Healing | 1 | |
| Healing Salve | 4 | |
| Scroll of Town Portal | 8 | |
| Orb of Lightning | 1 | |
| Staff of Teleportation | 1 | |
16 total
Chat log
(00:04 / Allies) 13ig13itch: units?
(00:13 / Allies) NoobRT: tanks
(00:15 / 7) AnotherBaby: depending on how this game goes
(00:19 / 7) AnotherBaby: it might or might not be the one
(00:21 / Allies) 13ig13itch: hippos chims
(00:25 / 7) AnotherBaby: that we take our revenge
(00:34 / Allies) 13ig13itch: pink you get bats and wyvs
(00:40 / Allies) 13ig13itch: red you get gryphs
(00:57 / 8) LUKESKYWALKER.: i think its perfect
(00:59 / 8) LUKESKYWALKER.: its his favorite map
(01:13 / 8) LUKESKYWALKER.: harass him fast?
(01:33 / 7) AnotherBaby: harass who?
(01:36 / 8) LUKESKYWALKER.: we could kill him cick
(01:42 / 8) LUKESKYWALKER.: rod
(01:43 / Allies) NoobRT: you dont need much wood cutters buy a goblin shredder
(01:45 / 7) AnotherBaby: lozl
(01:51 / 8) LUKESKYWALKER.: rod is mid right
(01:54 / 7) AnotherBaby: where is blue
(02:04 / 8) LUKESKYWALKER.: blue is top right
(03:02 / Allies) 13ig13itch: upgrade mains fast
(03:13 / 8) LUKESKYWALKER.: who is top left
(03:17 / 8) LUKESKYWALKER.: im top mid next to thim
(03:23 / 7) AnotherBaby: green a NE
(04:27 / 8) LUKESKYWALKER.: just making it clear rod is mid right
(04:47 / 7) AnotherBaby: i want to hit blue first because tanks
(06:14 / All) LUKESKYWALKER.: gold
(06:32 / 8) LUKESKYWALKER.: he has expo towered rod does but no towers at main
(08:15 / All) BiGMoM23: LOL
(08:18 / All) BiGMoM23: BM u here
(08:22 / All) LUKESKYWALKER.: no
(08:40 / All) LUKESKYWALKER.: gold guys
(08:47 / 8) LUKESKYWALKER.: tell me when green is gone or expos again
(08:55 / 7) AnotherBaby: k
(10:13 / Allies) 13ig13itch: gold plz
(10:17 / Allies) 13ig13itch: i need it badly
(10:27 / Allies) 13ig13itch: ty
(11:44 / 8) LUKESKYWALKER.: now he has towers at main
(12:06 / Allies) NoobRT: h has bats
(12:17 / All) AnotherBaby: fail
(12:23 / 7) AnotherBaby: wow
(12:29 / 7) AnotherBaby: already has that many tanks
(13:17 / Allies) 13ig13itch: someone come hit yellow for me
(13:28 / Allies) NoobRT: ill do it
(13:36 / Allies) 13ig13itch: ok thx
(13:42 / Allies) 13ig13itch: can i have 500 gold plz
(13:43 / Allies) 13ig13itch: ??
(14:06 / Allies) 13ig13itch: ty
(14:14 / Allies) NoobRT: what does yllow have?
(14:22 / Allies) 13ig13itch: bats and raiders
(14:26 / Allies) 13ig13itch: he cant kill you
(14:38 / Allies) NoobRT: raiders can kill tanks though
(14:58 / Allies) 13ig13itch: red go with blue
(15:25 / Allies) 13ig13itch: red help
(15:29 / 8) LUKESKYWALKER.: hes getting 2nd expo off the island
(15:38 / 8) LUKESKYWALKER.: quit killing my team
(15:38 / Allies) IndianGiving: He has bats I can do nothing about it
(15:49 / Allies) LUKESKYWALKER.: blue
(15:51 / Allies) LUKESKYWALKER.: help me kill green
(16:06 / Allies) LUKESKYWALKER.: rod come
(16:08 / Allies) LUKESKYWALKER.: lets kill green
(16:25 / Allies) IndianGiving: Okay 1 sec
(16:54 / Allies) LUKESKYWALKER.: come rod he needs to die
(16:56 / Allies) LUKESKYWALKER.: mass hippos
(16:57 / Allies) LUKESKYWALKER.: for green
(16:59 / Allies) LUKESKYWALKER.: blue u come too
(17:03 / Allies) IndianGiving: Yeah 1 sedc
(17:19 / Allies) IndianGiving: omw
(17:22 / 7) AnotherBaby: what's rod doing
(17:40 / 8) LUKESKYWALKER.: towering
(17:44 / 8) LUKESKYWALKER.: gonna kill green
(18:19 / 8) LUKESKYWALKER.: he has 2 expos now
(19:18 / 8) LUKESKYWALKER.: hes gonnah ave mass tp
(19:58 / Allies) IndianGiving: tp god dammit
(20:08 / Allies) 13ig13itch: we lose
(20:12 / Allies) IndianGiving: yeah good job morons
(20:27 / Allies) IndianGiving: tp now or gg
(20:30 / Allies) IndianGiving: retards
(20:41 / 8) LUKESKYWALKER.: he aint getting really pissed just telling us to tp
(20:54 / Allies) 13ig13itch: nice job blue
(20:58 / Allies) IndianGiving: can't get my level 6 now ebcause of you faggots
(21:31 / Allies) 13ig13itch: pink your hero is fucking amazing lol
(21:32 / 8) LUKESKYWALKER.: i wanted that to happen
(21:36 / All) BiGMoM23: is this a joke?
(22:08 / Allies) IndianGiving: help faggots
(22:40 / Allies) 13ig13itch: gold plz?
(22:48 / Allies) IndianGiving: shut the fuck up you have been useless all game
(22:57 / 8) LUKESKYWALKER.: rod getting mad at purp
(23:03 / 7) AnotherBaby: lalw
(23:31 / 8) LUKESKYWALKER.: hit red again
(24:35 / Allies) LUKESKYWALKER.: purple
(24:38 / Allies) LUKESKYWALKER.: lets kill teal
(24:39 / Allies) LUKESKYWALKER.: k?
(26:12 / Allies) LUKESKYWALKER.: guys
(26:13 / Allies) LUKESKYWALKER.: lets kill
(26:15 / Allies) LUKESKYWALKER.: teal
(26:25 / Allies) NoobRT: look im attacking
(28:23 / 8) LUKESKYWALKER.: rod expoing there again
(28:24 / 8) LUKESKYWALKER.: mid right
(28:44 / Allies) LUKESKYWALKER.: purple
(28:45 / Allies) LUKESKYWALKER.: backdoor teal
(28:48 / Allies) 13ig13itch: someone help me get it
(28:52 / Allies) LUKESKYWALKER.: come rod
(29:18 / Allies) LUKESKYWALKER.: b
(29:19 / Allies) LUKESKYWALKER.: b
(29:23 / Allies) LUKESKYWALKER.: 22'1
(29:32 / Allies) NoobRT: help
(29:48 / Allies) NoobRT: tp please
(30:17 / All) BiGMoM23: wow how r u guys not wwinning yet?
(30:30 / All) NoobRT: team is shit?
(30:56 / Allies) LUKESKYWALKER.: rod
(30:58 / Allies) LUKESKYWALKER.: take our teal
(31:07 / Allies) IndianGiving: k
(32:10 / Allies) LUKESKYWALKER.: u need mass tp
(32:24 / Allies) LUKESKYWALKER.: puprle stay with me
(32:38 / Allies) 13ig13itch: KK
(32:40 / Allies) LUKESKYWALKER.: stick with us rod
(32:42 / Allies) LUKESKYWALKER.: we need teal dead
(33:23 / Allies) LUKESKYWALKER.: ok teals main now
(33:31 / Allies) 13ig13itch: come red
(33:45 / Allies) LUKESKYWALKER.: blue
(33:46 / Allies) LUKESKYWALKER.: mass tp to me
(33:47 / Allies) LUKESKYWALKER.: ok?
(33:50 / Allies) LUKESKYWALKER.: im gonna hit teal
(33:51 / Allies) NoobRT: yes
(34:23 / Allies) IndianGiving: you can stop blizzarding now fuckwit
(34:25 / Allies) IndianGiving: you killed a dhawk
(34:27 / Allies) IndianGiving: god damned retard
(34:33 / Allies) LUKESKYWALKER.: stay purple
(34:34 / Allies) LUKESKYWALKER.: stay
(36:14 / Allies) LUKESKYWALKER.: gold plz
(36:50 / 8) LUKESKYWALKER.: blue dont have much
(36:53 / 8) LUKESKYWALKER.: just one hero no peasants
(36:57 / 8) LUKESKYWALKER.: rod is getting another expo
(36:59 / 8) LUKESKYWALKER.: by my base
(37:00 / 8) LUKESKYWALKER.: off island
(37:33 / Allies) NoobRT: i have no workers left :/
(37:43 / 8) LUKESKYWALKER.: puprle ur base
(38:24 / Allies) LUKESKYWALKER.: hit yellow
(38:25 / Allies) LUKESKYWALKER.: purple
(38:31 / Allies) 13ig13itch: kk
(38:44 / Allies) NoobRT: carful
(38:56 / Allies) NoobRT: wtf
(39:23 / 8) LUKESKYWALKER.: i got him to kill blue
(39:25 / 8) LUKESKYWALKER.: lawl
(39:29 / Allies) NoobRT: fuck u red
(39:55 / All) LUKESKYWALKER.: rpaed blue
(39:56 / Allies) NoobRT: wtf
(39:57 / All) LUKESKYWALKER.: hard
(40:03 / Allies) NoobRT: why?
(40:11 / All) LUKESKYWALKER.: u looked at my mother wrong
(40:18 / 8) LUKESKYWALKER.: rod has expos all over
(40:24 / Allies) NoobRT: fucking 11 year olds
(40:26 / 8) LUKESKYWALKER.: mid left top mid mid right
(40:45 / Allies) 13ig13itch: go do something pink
(41:04 / Allies) NoobRT: pink and red back stabbed me.... lol
(41:21 / Allies) IndianGiving: at least you use the term bs instead of tk like most rt faggots
(41:24 / Allies) 13ig13itch: pink go fucking do something
(41:32 / Allies) IndianGiving: we are
(41:34 / 8) LUKESKYWALKER.: we killing purp now
(41:52 / Allies) 13ig13itch: wait why am i being killed?
(42:04 / 8) LUKESKYWALKER.: u here bob?
(42:07 / 7) AnotherBaby: yeah
(42:09 / 8) LUKESKYWALKER.: when we gonna kill him its just us 3
(42:10 / 8) LUKESKYWALKER.: now
(42:16 / 7) AnotherBaby: now
(42:17 / 8) LUKESKYWALKER.: i got 80 food wyverns
(42:21 / Allies) NoobRT: fucking noobs who cant even make level 6
(42:27 / Allies) IndianGiving: I have dual level 6
(42:33 / 8) LUKESKYWALKER.: hes in his base now
(42:34 / 8) LUKESKYWALKER.: mass tp
(42:35 / 7) AnotherBaby: kill purple then rod
(42:35 / Allies) NoobRT: bout time i had it all game faggot
(42:44 / Allies) IndianGiving: You had it at the first minute? Hacker
(42:51 / Allies) NoobRT: retard
(42:56 / Allies) IndianGiving: No chims for you
(43:21 / 8) LUKESKYWALKER.: im gonna buy tp staff and kill his hero soon ok
(43:28 / 7) AnotherBaby: k
(43:37 / Allies) IndianGiving: use towers
(44:13 / All) LUKESKYWALKER.: we're gonna rape u orange
(44:15 / All) LUKESKYWALKER.: just watch noob
(44:19 / All) LUKESKYWALKER.: i will avenge purple and blue
(44:24 / All) COKEHEAD: LUKE
(44:28 / All) COKEHEAD: DONT GIVE IN TO HATE
(44:37 / All) COKEHEAD: THAT LEADS TO THE GAY SIDE
(45:39 / 7) AnotherBaby: Teal isn't a threat
(45:43 / 7) AnotherBaby: for now
(45:46 / 8) LUKESKYWALKER.: where is he i wna thim dead
(45:55 / Allies) IndianGiving: Thanks for the resources, Big Bitch.
(45:59 / Allies) IndianGiving: I can use them to help you lose
(46:00 / Allies) 13ig13itch: np
(46:08 / 7) AnotherBaby: we killing rod?
(46:12 / 8) LUKESKYWALKER.: not yet
(46:18 / 7) AnotherBaby: It's sucking gold
(46:37 / Allies) 13ig13itch: ty pink he almost killeded my lol
(46:52 / 7) AnotherBaby: teal is top left corner
(47:00 / Allies) IndianGiving: brb stay there
(47:10 / Allies) IndianGiving: getting critter
(47:17 / Allies) 13ig13itch: dammit
(48:09 / 7) AnotherBaby: After you kill teal then immediately attack rod and I will take out his expos
(48:18 / 8) LUKESKYWALKER.: come on bob
(48:18 / 7) AnotherBaby: actually kill him now while game isn't over
(48:19 / 8) LUKESKYWALKER.: talk to me
(48:22 / 8) LUKESKYWALKER.: u hav eto tell me about yellow
(48:32 / 8) LUKESKYWALKER.: no man wtf
(48:35 / 8) LUKESKYWALKER.: tp away
(48:55 / All) IndianGiving: Want me to just leave turncoat?
(49:06 / Allies) 13ig13itch: no
(49:14 / Allies) LUKESKYWALKER.: i think
(49:20 / Allies) LUKESKYWALKER.: hes making them believe he is on "their" team
(49:22 / 7) AnotherBaby: bs rod lol
(49:40 / Allies) 13ig13itch: go pink
(50:05 / 7) AnotherBaby: yellow has no gold
(50:26 / 7) AnotherBaby: he's top left corner
(50:28 / 7) AnotherBaby: that's all he has
(50:30 / 7) AnotherBaby: he's begging for gold
(50:44 / 7) AnotherBaby: kill rod then we can easily kill these two
(50:51 / Allies) 13ig13itch: go pink
(51:06 / Allies) 13ig13itch: nj
(51:41 / 8) LUKESKYWALKER.: we have horrible commmuniation
(51:46 / 8) LUKESKYWALKER.: u attacked at completely the wrong time
(51:50 / 7) AnotherBaby: Yeah I tell you to kill rod
(51:55 / 7) AnotherBaby: Because my team is no threat they have 0 gold
(51:56 / 8) LUKESKYWALKER.: i wanst ready man
(52:00 / 8) LUKESKYWALKER.: yellow batted all my wyverns
(52:05 / 8) LUKESKYWALKER.: yellow batted my entire army
(52:06 / 7) AnotherBaby: we needed
(52:07 / 8) LUKESKYWALKER.: obviously they are a threat
(52:13 / 8) LUKESKYWALKER.: u need to fuckign kill ur team
(52:32 / 7) AnotherBaby: this is not good
(52:37 / 7) AnotherBaby: we can use my team to kill rod
(52:57 / 8) LUKESKYWALKER.: well he has 13k gold now
(53:03 / 8) LUKESKYWALKER.: u cant let ur team live
(53:23 / 7) AnotherBaby: kill rod and we can kill them easy
(53:42 / Allies) NoobRT: lol scrubs
(53:47 / Allies) NoobRT: red u suck horse cock
(53:53 / Allies) IndianGiving: I can throw away 200 units and get away with it
(53:57 / Allies) IndianGiving: I have 12k gold 11k lumber
(54:08 / 8) LUKESKYWALKER.: ill kill him when he rezes hero u need to kill yellow and teal
(54:18 / Allies) IndianGiving: Tavern resurrection, nigger please. I didn't get 20 expos for nothing
(54:26 / Allies) NoobRT: just throw your self off a bridge
(54:27 / 7) AnotherBaby: start killing immediately
(54:35 / 8) LUKESKYWALKER.: no
(54:37 / 7) AnotherBaby: teal is dead except heroes
(54:38 / 8) LUKESKYWALKER.: i tneeds to be at same time
(54:39 / Allies) NoobRT: u got owned bad son
(54:47 / Allies) IndianGiving: No, I got a DK. It was worth it
(54:50 / 8) LUKESKYWALKER.: lets hit his main at same time
(54:54 / 8) LUKESKYWALKER.: go
(54:56 / Allies) IndianGiving: Good trade
(54:57 / 8) LUKESKYWALKER.: i can tp there
(55:23 / Allies) NoobRT: his dk never died but good try
(55:29 / Allies) IndianGiving: It did, bolt
(55:50 / Allies) NoobRT: now u get owned again congrats
(55:56 / Allies) IndianGiving: No, I got a lich
(55:59 / Allies) IndianGiving: Good trade
(56:01 / Allies) NoobRT: no u got owned
(56:08 / 7) AnotherBaby: this is better because he doesn't insta qq
(56:15 / 7) AnotherBaby: nvm
(56:15 / 7) AnotherBaby: lol
(56:17 / 8) LUKESKYWALKER.: lawl
(56:19 / 8) LUKESKYWALKER.: i go this hero
(56:27 / 7) AnotherBaby: nice
(56:31 / 7) AnotherBaby: see I told you this is better
(56:31 / 7) AnotherBaby: because
(56:34 / 7) AnotherBaby: OTHERWIESe
(56:35 / 7) AnotherBaby: game is over
(56:37 / 7) AnotherBaby: and it's not as bad
(56:45 / 8) LUKESKYWALKER.: this was ok but we communicated poorly i wish we would have hit him at same time
(57:15 / 7) AnotherBaby: teal expoing the base we just attacked before this one
(57:41 / Allies) LUKESKYWALKER.: tp
(57:43 / Allies) LUKESKYWALKER.: if they hit my expo
(58:02 / Allies) NoobRT: only if u do not backstab red
(59:05 / 7) AnotherBaby: k
(59:15 / Allies) NoobRT: mid
(59:17 / 7) AnotherBaby: you're chasing my shit
(60:53 / 7) AnotherBaby: yeah
(62:10 / Allies) NoobRT: w/e play bye urself im out of here
(62:25 / Allies) LUKESKYWALKER.: leave then
(62:26 / Allies) LUKESKYWALKER.: seriously
(62:44 / 7) AnotherBaby: He got too strong tho I think he'd be more frustrated
(62:50 / 7) AnotherBaby: if he was raped all game
(62:50 / Allies) NoobRT: im afk
(62:53 / 7) AnotherBaby: barely surviving
(63:06 / 7) AnotherBaby: lolz
(63:23 / 7) AnotherBaby: k
(67:14 / 7) AnotherBaby: do you have any units
(68:23 / 7) AnotherBaby: we can stand off?
(68:58 / All) AnotherBaby: yellow how are you 5-6
(69:07 / All) COKEHEAD: I DO BLOW
(69:41 / 7) AnotherBaby: my main was never assaulted lawl
(69:49 / All) LUKESKYWALKER.: i just scouted it now actually
(70:15 / All) LUKESKYWALKER.: blue is a douche he needs this loss
(70:19 / All) LUKESKYWALKER.: i know i played him before
(70:23 / All) LUKESKYWALKER.: he whines constantly
(71:26 / 7) AnotherBaby: should I attack yellow to see if he leaves
(73:08 / 7) AnotherBaby: He said this is going on Highperch
(73:16 / All) LUKESKYWALKER.: yellow who are u
(73:22 / All) LUKESKYWALKER.: bearand_
(73:26 / All) COKEHEAD: LOL
(73:33 / All) COKEHEAD: IS THIS GOING ON HIGHPERCH
(73:33 / All) LUKESKYWALKER.: i post all the time on highperch
(73:38 / All) LUKESKYWALKER.: yes
(73:44 / All) COKEHEAD: i HEART U ALL
(73:50 / All) AnotherBaby: Red goes by the name "Itachi," which is from a faggoty anime
(73:50 / All) COKEHEAD: LOL
(74:09 / All) LUKESKYWALKER.: you're teelo or pies arent u
(74:14 / All) COKEHEAD: NAW
(74:18 / All) COKEHEAD: I AM NO BODY
(74:32 / All) LUKESKYWALKER.: want the honor of the last building kill
(74:42 / All) NoobRT: no life faggots
(74:46 / All) LUKESKYWALKER.: I AM HOMO